 Dungeon Crawl Stone Soup version 0.15-a0-1439-g2e54579 (webtiles) character file.

65 Crauler the Insei (level 4, 0/28 HPs)
             Began as an Octopode Transmuter on June 12, 2014.
             Killed from afar by an orc wizard (4 damage)
             ... with a puff of frost
             ... on Level 3 of the Dungeon.
             The game lasted 00:02:21 (1672 turns).

Crauler the Insei (Octopode Transmuter)             Turns: 1672, Time: 00:02:21

HP   0/28        AC  1     Str  9      XL: 4   Next: 13%
MP   4/8         EV 12     Int 16      God:
Gold 90          SH  0     Dex 12      Spells:  2 memorised,  3 levels left

rFire  . . .     SeeInvis .       - Unarmed
rCold  . . .     Clarity  .     (no shield)
rNeg   . . .     rCorr    .     (helmet restricted)
rPois  .         rRot     .     (no amulet)
rElec  .         Spirit   .     (no ring)
SustAb .         Warding  .     (no ring)
rMut   .         Stasis   .     (no ring)
Gourm  .                        (no ring)
MR     .....                    (no ring)
                                (no ring)
                                (no ring)
                                (no ring)

@: very slightly contaminated, not resistant to hostile enchantments, unstealthy
A: almost no armour, amphibious, 8 rings, constrict 8, camouflage 1, gelatinous
body 1
a: no special abilities


You were on level 3 of the Dungeon.
You were not hungry.

You visited 1 branch of the dungeon, and saw 3 of its levels.

You collected 90 gold pieces.

Inventory:

Missiles
 b - 12 arrows
Magical devices
 s - a wand of polymorph (11) {unknown}
Comestibles
 a - a bread ration
 g - 2 beef jerkies
Scrolls
 c - 3 scrolls of teleportation {unknown}
 e - a scroll of random uselessness {unknown}
 i - 4 scrolls of identify {unknown}
 l - 5 scrolls of remove curse {unknown}
 n - a scroll of fog {unknown}
 r - a scroll of blinking {unknown}
Potions
 f - a potion of poison {unknown}
 h - a potion of lignification {unknown}
 j - a potion of heal wounds {unknown}
 k - 2 potions of flight
 m - a potion of resistance {unknown}
 o - 2 potions of curing
 p - 2 potions of agility {unknown}
Books
 d - a book of Changes

   Spells                             Type                      Level
   *Beastly Appendage                 Transmutation                1
   Sticks to Snakes                   Transmutation                2
   *Spider Form                       Transmutation/Poison         3
   Ice Form                           Ice/Transmutation            4
   Blade Hands                        Transmutation                5


   Skills:
 + Level 1.3 Fighting
 * Level 2.6 Dodging
 + Level 1.3 Stealth
 * Level 3.6 Unarmed Combat
 + Level 2.3 Spellcasting
 * Level 2.4 Transmutations


You had 3 spell levels left.
You knew the following spells:

 Your Spells              Type           Power        Failure   Level  Hunger
a - Beastly Appendage     Trmt           #.....       10%         1    #......
b - Spider Form           Trmt/Pois      #.........   38%         3    ####...


Dungeon Overview and Level Annotations

Branches:
Dungeon (3/15)

Altars:
Cheibriados


Innate Abilities, Weirdness & Mutations

You cannot wear most types of armour.
You are amphibious.
You can wear up to eight rings at the same time.*
You can use your tentacles to constrict many enemies at once.*
Your skin changes colour to match your surroundings (Stealth).*
Your rubbery body absorbs attacks (AC +1).*


Message History

You hear some strange, mumbled words.
A puff of flame appears from out of thin air!
The puff of flame hits you! The orc hits you with a hand axe.
* * * LOW HITPOINT WARNING * * *
You hit the orc but do no damage.
The orc is almost dead.
You hear some strange, mumbled words.
You feel a wave of unholy energy pass over you.
The orc closely misses you.
You hear some strange, mumbled words.
A puff of flame appears from out of thin air!
The puff of flame misses you.
Your transformation has ended.
You kill the orc!
Something hits you.
* * * LOW HITPOINT WARNING * * *
There is an open door here.
You hear some strange, mumbled words.
The puff of frost hits you!
You die...

#.........'........
#.........#######.#
#.........#
#.........#
#######'### ##..<#
#..### #####'###
####+# #....@..#
#...... #.......#
#....... #....(o.#
#!....... #.......###
#........
#....(..')####........
#.......#.).##!.......
#.......###..((.......
#....)..# ####.....<.g
#....(..# #....$...


You could see an orc.

Vanquished Creatures
  2 adders (D:2)
  2 orcs (D:3)
  A giant cockroach (D:1)
  7 goblins
  4 hobgoblins
  5 jackals (D:2)
  2 bats
  3 giant geckos
  2 giant newts
  5 kobolds
  17 rats
50 creatures vanquished.

Notes
Turn   | Place    | Note
--------------------------------------------------------------
     0 | D:1      | Crauler, the Octopode Transmuter, began the quest for the Orb.
     0 | D:1      | Reached XP level 1. HP: 13/13 MP: 3/3
    46 | D:1      | Reached XP level 2. HP: 9/18 MP: 4/4
   624 | D:2      | Reached XP level 3. HP: 20/23 MP: 6/6
   641 | D:2      | Learned a level 3 spell: Spider Form
  1194 | D:2      | Found a snail-covered altar of Cheibriados.
  1372 | D:2      | Reached skill level 1 in Stealth
  1621 | D:3      | Reached XP level 4. HP: 25/28 MP: 8/8
  1672 | D:3      | Killed from afar by an orc wizard

Action                   |  1- 3 |  4- 6 || total
-------------------------+-------+-------++-------
Melee: Unarmed           |    89 |    14 ||   103
 Cast: Spider Form       |       |     1 ||     1
  Use: Potion            |     3 |       ||     3
 Stab: Sleeping          |     2 |     1 ||     3
